 Dungeon Crawl Stone Soup version 0.29.1-4-g47bece8355 (webtiles) character file.

Game seed: 13665967656852529001

7413 ChadusMaximus the Summoner (level 11, -32/78 HPs)
             Began as a Human Summoner on Dec 6, 2022.
             Was a Priest of Sif Muna.
             Killed from afar by a deep elf knight (39 damage)
             ... with a shard of ice
             ... on level 9 of the Dungeon.
             The game lasted 00:30:51 (14322 turns).

ChadusMaximus the Summoner (Human Summoner)        Turns: 14322, Time: 00:30:53

Health: -32/78     AC:  8    Str:  8    XL:     11   Next: 36%
Magic:  3/21       EV: 11    Int: 21    God:    Sif Muna [***...]
Gold:   615        SH:  9    Dex: 13    Spells: 14/24 levels left

rFire   . . .      SeeInvis .   d - +1 short sword (freeze)
rCold   . . .      Faith    .   A - +0 kite shield
rNeg    . . .      Spirit   .   D - +0 steam dragon scales
rPois   +          Reflect  .   (no helmet)
rElec   .          Harm     .   (no cloak)
rCorr   .          Rampage  +   (no gloves)
Will    .....                   j - +2 pair of boots {rampage}
Stlth   +++.......              v - amulet of regeneration
HPRegen 1.03/turn               e - ring of flight
MPRegen 0.17/turn               r - ring of poison resistance

@: flying
A: no striking features
a: Renounce Religion, Channel Magic, Forget Spell


You were on level 9 of the Dungeon.
You worshipped Sif Muna.
Sif Muna was most pleased with you.
You visited 2 branches of the dungeon, and saw 11 of its levels.

You collected 615 gold pieces.

Inventory:

Hand Weapons
 d - a +1 short sword of freezing (weapon)
Armour
 a - a +0 robe
 j - a +2 pair of boots of rampaging (worn)
 A - a +0 kite shield (worn)
 D - +0 steam dragon scales (worn)
 F - +0 acid dragon scales
Magical Staves
 I - a staff of fire
Jewellery
 e - a ring of flight (left hand)
 r - a ring of poison resistance (right hand)
 v - an amulet of regeneration (around neck)
Wands
 y - a wand of flame (34)
Scrolls
 f - a scroll of enchant armour
 g - a scroll of teleportation
 k - 4 scrolls of poison
 m - 2 scrolls of amnesia {unknown}
 n - 3 scrolls of vulnerability
 q - 2 scrolls of identify
 w - a scroll of noise {unknown}
 x - a scroll of silence {unknown}
 B - a scroll of blinking {unknown}
 E - a scroll of enchant weapon {unknown}
 G - a scroll of immolation {unknown}
 H - a scroll of butterflies {unknown}
Potions
 b - 3 potions of magic
 c - a potion of invisibility
 h - 2 potions of heal wounds
 i - 3 potions of haste
 l - a potion of cancellation {unknown}
 o - 5 potions of curing {unknown}
 p - a potion of attraction {unknown}
 s - a potion of resistance {unknown}
 t - a potion of mutation {unknown}
 u - 3 potions of lignification {unknown}
 z - 3 potions of degeneration {unknown}
 C - a potion of ambrosia {unknown}
Miscellaneous
 J - a phantom mirror


   Skills:
 + Level 4.3 Fighting
 - Level 4.0 Dodging
 - Level 4.2 Stealth
 + Level 5.5 Shields
 - Level 7.3 Spellcasting
 * Level 12.7 Summonings


You had 14 spell levels left.
You knew the following spells:

 Your Spells              Type           Power      Damage    Failure   Level
a - Summon Small Mammal   Summ           100%       N/A       1%          1
b - Call Canine Familiar  Summ           57%        N/A       1%          3
c - Call Imp              Summ           57%        N/A       1%          2
d - Summon Lightning Spi  Summ/Air       34%        N/A       17%         4

Your spell library contained the following spells:

 Spells                   Type           Power      Damage    Failure   Level
 Summon Guardian Golem    Hex/Summ       34%        N/A       5%          3
 Ensorcelled Hibernation  Hex/Ice        14%        N/A       36%         2
 Static Discharge         Conj/Air       7%         3-4/arc   36%         2
 Ozocubu's Armour         Ice            7%         N/A       58%         3
 Portal Projectile        Hex/Tloc       14%        N/A       58%         3
 Spider Form              Tmut/Pois      7%         N/A       58%         3
 Anguish                  Hex/Necr       3%         N/A       94%         4
 Leda's Liquefaction      Hex/Erth       3%         N/A       94%         4
 Lightning Bolt           Conj/Air       3%         1d15      100%        5
 Ozocubu's Refrigeration  Ice            3%         4d8       100%        7
 Maxwell's Capacitive Co  Air            3%         ∞         100%        8


Dungeon Overview and Level Annotations

Branches:
Dungeon (10/15)            Temple (1/1) D:5            Lair (0/5) D:8
    Orc: D:9-12

Altars:
Ashenzari
Cheibriados
Dithmenos
Elyvilon
Fedhas
Hepliaklqana
Kikubaaqudgha
Makhleb
Nemelex Xobeh
Okawaru
Ru
Sif Muna
Trog
Uskayaw
Vehumet
Wu Jian
Xom
Yredelemnul
Zin
The Shining One

Shops:
D:1 :   D:3 [(

Annotations:
D:9 2 transporters, brob1's ghost, novice MiBe


Message History

Your lightning spire completely resists.
The deep elf knight gestures at your lightning spire while chanting.
The lance of force hits your lightning spire!!
Casting: Summon Small Mammal (safe; 1% risk of failure)
Confirm with . or Enter, or press ? or * to list all spells.
The deep elf knight hits your lightning spire with a +0 long sword!
Your lightning spire is destroyed!
Your lightning spire disappears in a puff of smoke!
The kobold brigand throws a curare-tipped dart.
You block the curare-tipped dart.
Casting: Call Canine Familiar (safe; 1% risk of failure)
Confirm with . or Enter, or press ? or * to list all spells.
An electric hum fills the air.
The deep elf knight shouts!
The deep elf knight points at you and mumbles some strange words.
The shard of ice hits you!!!
* * * LOW HITPOINT WARNING * * *
The manticore flicks its tail.
The volley of spikes hits your wolf!
The deep elf knight gestures at you while chanting.
The lance of force hits your wolf!!
Your wolf dies!
Your wolf's corpse disappears in a puff of smoke!
The kobold brigand throws a curare-tipped dart.
You block the curare-tipped dart.
Your lightning spire shoots out a bolt of lightning at the kobold brigand!
The bolt of electricity hits the kobold brigand!
The deep elf knight casts a spell.
The deep elf knight flickers and vanishes!
Deactivating autopickup; reactivate with Ctrl-A.
The kobold brigand throws a curare-tipped dart.
The curare-tipped dart hits your lightning spire.
Your lightning spire shoots out a bolt of lightning at the kobold brigand!
The bolt of electricity hits the kobold brigand! x2
The kobold brigand dies!
Sif Muna accepts your kill.
A shard of ice appears from out of thin air!
The shard of ice hits you!!!
Ouch! That really hurt!
You die...

#......)...#####..#..##.
#........§........#.#..#
#.....)H..........#.#..#
#.....8{#####.....#..##.
#.).....#...#.....#....W
#.......#...#.....######
#.......'...#..........©
#.......#####...........
####......@..........#.....
#....................#.....
#..................).#.....
#...................)###'##
#...................)..)...
#.....................).)##
#..........############).#
#..........# #..#
############ #..#


You could see a manticore and a friendly lightning spire (summoned).

Vanquished Creatures
  A steam dragon (D:8)
  An orc warrior (D:9)
  A phantom (D:6)
  Blork the orc (D:5)
  An iguana (D:5)
  An orc wizard (D:8)
  2 gnolls (D:3)
  An adder (D:4)
  A shadow imp (D:5)
  A worm (D:2)
  3 dart slugs
  4 orcs (D:5)
  2 ball pythons (D:1)
  2 endoplasms
  8 goblins
  3 hobgoblins
  A quokka (D:2)
  A bat (D:3)
  3 frilled lizards
  A kobold (D:4)
  2 rats (D:8)
41 creatures vanquished.

Vanquished Creatures (collateral kills)
  Erolcha (D:9)
  A two-headed ogre (D:9)
  A manticore (D:9)
  A troll (D:9)
  2 hornets
  3 yaks (D:10)
  A wyvern (D:9)
  A steam dragon (D:8)
  An acid dragon (D:9)
  Duvessa (D:4)
  A water moccasin (D:8)
  A sky beast (D:8)
  2 orc warriors (D:8)
  A black bear (D:6)
  An ice beast (D:7)
  5 ogres
  7 centaurs
  A phantom (D:6)
  5 kobold brigands
  2 necrophages (D:7)
  4 bullfrogs
  A scorpion (D:6)
  4 wights (D:6)
  Dowan (D:4)
  A killer bee (D:9)
  2 howler monkeys
  3 jellies
  3 hounds (D:5)
  8 orc priests
  2 gnoll boudas
  4 iguanas
  A hell rat (D:8)
  10 orc wizards
  3 adders
  6 gnolls
  3 river rats (D:8)
  A shadow imp (D:5)
  2 white imps
  An ufetubus (D:5)
  3 worms
  2 dart slugs (D:3)
  43 orcs
  4 endoplasms
  5 goblins
  4 hobgoblins
  14 kobolds
  2 quokkas
  4 ball pythons
  3 rats
183 creatures vanquished.

Vanquished Creatures (others)
  A plant (D:1)
1 creature vanquished.

Grand Total: 225 creatures vanquished

Notes
Turn   | Place    | Note
-------+----------+-------------------------------------------
     0 | D:1      | ChadusMaximus the Human Summoner began the quest for the
                  | Orb.
     0 | D:1      | Reached XP level 1. HP: 13/13 MP: 3/3
   491 | D:1      | Reached XP level 2. HP: 19/19 MP: 1/5
   643 | D:1      | Found Xerukhlemn's Book Boutique.
   700 | D:1      | Found a faded altar of an unknown god.
   869 | D:1      | You are sucked into a shaft and drop 1 floor!
  1068 | D:2      | Reached XP level 3. HP: 24/24 MP: 3/6
  2034 | D:1      | Learned a level 3 spell: Call Canine Familiar
  2037 | D:1      | Learned a level 2 spell: Call Imp
  2428 | D:2      | Reached XP level 4. HP: 30/30 MP: 4/7
  2865 | D:3      | Found Tutabb's Weapon Emporium.
  3307 | D:3      | Found Uruilahu's Antique Armour Boutique.
  3718 | D:3      | Found a radiant altar of Vehumet.
  3900 | D:3      | Reached XP level 5. HP: 35/35 MP: 0/9
  4391 | D:4      | Reached XP level 6. HP: 41/41 MP: 6/10
  4847 | D:4      | Found a hide-covered altar of Uskayaw.
  5037 | D:4      | Noticed Duvessa
  5037 | D:4      | Noticed Dowan
  5092 | D:3      | Reached skill level 5 in Summonings
  5306 | D:4      | Killed Duvessa
  5307 | D:4      | Reached XP level 7. HP: 46/46 MP: 2/12
  5343 | D:5      | Entered Level 5 of the Dungeon
  5486 | D:5      | Noticed Blork the orc
  5851 | D:5      | Killed Blork the orc
  6025 | D:5      | Found a staircase to the Ecumenical Temple.
  6072 | Temple   | Entered the Ecumenical Temple
  6271 | Temple   | Became a worshipper of Sif Muna the Loreminder
  6649 | D:5      | Reached skill level 6 in Summonings
  6924 | D:5      | Reached XP level 8. HP: 32/52 MP: 7/14
  7281 | D:5      | Found a glowing silver altar of Zin.
  7645 | D:4      | Killed Dowan
  7646 | D:4      | Reached skill level 7 in Summonings
  7708 | D:5      | Learned a level 4 spell: Summon Lightning Spire
  7737 | D:6      | Reached * piety under Sif Muna
  8048 | D:6      | Reached skill level 5 in Spellcasting
  8275 | D:6      | Reached skill level 8 in Summonings
  8313 | D:6      | Reached XP level 9. HP: 33/57 MP: 5/17
  8663 | D:6      | Reached skill level 9 in Summonings
  8953 | D:6      | Reached ** piety under Sif Muna
  9293 | D:6      | Found a basalt altar of Yredelemnul.
  9465 | D:6      | Found an ornate altar of the Wu Jian Council.
  9862 | D:7      | Reached skill level 10 in Summonings
 10455 | D:8      | Reached skill level 1 in Shields
 10813 | D:8      | Reached XP level 10. HP: 61/63 MP: 13/20
 11025 | D:8      | Noticed a death yak
 11029 | D:8      | Noticed a death yak
 11032 | D:8      | Noticed a death yak
 11574 | D:8      | Found a staircase to the Lair.
 11617 | D:8      | Reached *** piety under Sif Muna
 11822 | D:8      | Reached skill level 11 in Summonings
 12433 | D:9      | Reached skill level 1 in Fighting
 12478 | D:9      | Noticed a two-headed ogre
 12480 | D:9      | Found a transporter.
 12480 | D:9      | Noticed a two-headed ogre
 12480 | D:9      | Identified the +8 dire flail "Pendulum" {freeze, rElec rF+
                  | rC-}
 12480 | D:9      | Noticed a two-headed ogre
 12481 | D:9      | Noticed a two-headed ogre
 12481 | D:9      | Noticed brob1's ghost (novice MiBe)
 12485 | D:9      | Found a transporter.
 12675 | D:9      | Noticed a centaur warrior
 13158 | D:9      | Noticed Erolcha
 13170 | D:9      | Killed Erolcha
 13490 | D:9      | Noticed a purple ugly thing
 13511 | D:9      | Noticed a brown ugly thing
 13516 | D:10     | Entered Level 10 of the Dungeon
 13824 | D:9      | Reached skill level 12 in Summonings
 13824 | D:9      | Reached XP level 11. HP: 57/75 MP: 14/21
 13829 | D:9      | Noticed a two-headed ogre
 14018 | D:10     | Paralysed by a hornet for 1 turns
 14026 | D:10     | Reached skill level 5 in Shields
 14152 | D:9      | Noticed a two-headed ogre
 14167 | D:9      | Killed a two-headed ogre
 14206 | D:9      | Noticed a manticore
 14225 | D:9      | Killed a manticore
 14303 | D:9      | Noticed a deep elf knight
 14313 | D:9      | Noticed a manticore
 14318 | D:9      | HP: 3/78 [deep elf knight/shard of ice (37)]
 14322 | D:9      | Killed from afar by a deep elf knight

Illustrated notes

Levels and vault maps discovered:
D:1:      evilmike_arrival_grusome_pit, layout_basic,
          shapermc_ecumenical_altar_acropolis, serial_shops, nicolae_shop_stone,
          supply_closet_lemuel, serial_bayou_lake_a
D:2:      cheibrodos_greedy_goblins, layout_basic
D:3:      layout_rooms, nicolae_overflow_hidden_temple, serial_shops, shop,
          nicolae_shop_trees
D:4:      minmay_bubble_buster, layout_rooms, eat_drink_and_be_merry_uskayaw,
          hangedman_decor_riveting, kennysheep_generic_room_8, uniq_duvessa
D:5:      layout_basic, mainiacjoe_overflow_paths, minmay_temple_entry_waves,
          dk_noncrumbling_3, kennysheep_generic_room_2, uniq_blork_the_orc
D:6:      layout_loops_ring, lemuel_tele_altar,
          mainiacjoe_overflow_concentric_impassable
D:7:      layout_loops_ring, grunt_decor_one_mirror, minivault_25,
          nicolae_fountain_basement
D:8:      layout_loops_ring, dpeg_lair_monsters,
          minmay_fractal_squares_diagonal_5
D:9:      layout_irregular_city, gammafunk_ghost_smash, nicolae_rejected_hall,
          uniq_erolcha
D:10:     layout_gridville, grunt_gozag_statues, serial_shops,
          nicolae_diamond_shop, serial_bayou_crossing
Temple:   bh_familiar_temple

Skill      XL: |  1  2  3  4  5  6  7  8  9 10 11 |
---------------+----------------------------------+-----
Stealth        | 3 4 |  4.2
Dodging        | 3 4 |  4.0
Spellcasting   | 3 4 5 6 7 |  7.3
Summonings     | 5 6 8 10 12 | 12.7
Shields        | 1 4 5 |  5.5
Fighting       | 3 4 |  4.3

Action                   |  1- 3 |  4- 6 |  7- 9 | 10-12 || total
-------------------------+-------+-------+-------+-------++-------
Melee: Unarmed           |     4 |       |       |       ||     4
       Short sword       |    48 |    47 |    77 |    25 ||   197
       Punch             |       |       |     3 |       ||     3
 Cast: Summon Small Mamm |    32 |    21 |    54 |    21 ||   128
       Call Canine Famil |     4 |    19 |    64 |    47 ||   134
       Call Imp          |     1 |    14 |    22 |    11 ||    48
       Summon Lightning  |       |       |    10 |    45 ||    55
  Use: Scroll            |       |       |     6 |     3 ||     9
       Potion            |       |       |       |     4 ||     4
 Stab: Sleeping          |     1 |     6 |       |       ||     7
       Distracted        |       |       |     1 |       ||     1
Armor: Robe              |    17 |    17 |    24 |     6 ||    64
       Steam dragon scal |       |       |       |     7 ||     7
Dodge: Dodged            |    39 |    29 |    79 |    42 ||   189
Block: Kite shield       |       |       |       |    27 ||    27
